 Dungeon Crawl Stone Soup version 0.29.1-2-gbd0b4ee654 (webtiles) character file.

Game seed: 1923723238402367459

46 Acheron the Chopper (level 3, 0/22 HPs)
             Began as a Gargoyle Gladiator on Nov 19, 2022.
             Constricted to death by Natasha (4 damage)
             ... on level 2 of the Dungeon.
             The game lasted 00:03:31 (966 turns).

Acheron the Chopper (Gargoyle Gladiator)             Turns: 966, Time: 00:03:32

Health: 0/22       AC:  8    Str: 17    XL:     3   Next: 68%
Magic:  3/3        EV:  9    Int: 10    God:
Gold:   28         SH:  0    Dex: 11    Spells: 2/2 levels left

rFire   . . .      SeeInvis .   a - +0 war axe
rCold   . . .      Faith    .   (no shield)
rNeg    + . .      Spirit   .   b - +0 leather armour
rPois   ∞          Reflect  .   c - +1 helmet
rElec   +          Harm     .   (no cloak)
rCorr   .          Rampage  .   (no gloves)
Will    .....                   (no boots)
Stlth   +.........              (no amulet)
HPRegen 0.07/turn               (no ring)
MPRegen 0.08/turn               (no ring)

@: grasped by roots, constricted
A: sickness immunity, AC +3, negative energy resistance 1, electricity
resistance, torment resistance 1, petrification resistance
a: no special abilities


You were on level 2 of the Dungeon.
You visited 1 branch of the dungeon, and saw 2 of its levels.

You collected 28 gold pieces.

Inventory:

Hand Weapons
 a - a +0 war axe (weapon)
Missiles
 d - 3 throwing nets (quivered)
 e - a javelin
Armour
 b - a +0 leather armour (worn)
 c - a +1 helmet (worn)
Magical Staves
 f - a staff of cold
Scrolls
 i - a scroll of vulnerability {unknown}
Potions
 g - a potion of curing {unknown}
 h - a potion of invisibility
 j - a potion of heal wounds {unknown}
 n - a potion of brilliance {unknown}
 p - a potion of lignification {unknown}
 q - a potion of mutation {unknown}


   Skills:
 * Level 2.6 Fighting
 + Level 3.0 Axes
 * Level 2.1 Throwing
 * Level 1.2 Armour
 * Level 2.6 Dodging
 * Level 1.1 Stealth
 * Level 0.2 Evocations


You had 2 spell levels left.
You didn't know any spells.
Your spell library contained the following spells:

 Spells                   Type           Power      Damage    Failure   Level
 Summon Lightning Spire   Summ/Air       0%         N/A       99%         4
 Storm Form               Tmut/Air       0%         N/A       100%        7
 Maxwell's Capacitive Co  Air            0%         ∞         100%        8


Dungeon Overview and Level Annotations

Branches:
Dungeon (2/15)

Altars:

Annotations:
D:2 Natasha


Innate Abilities, Weirdness & Mutations

You are immune to sickness and miasma.
Your stone body is resilient. (AC +3)
You are immune to poison.
You resist negative energy. (rN+)
You are resistant to electric shocks. (rElec)
You are resistant to unholy torment.
You are immune to petrification.


Message History

You hit the hobgoblin.
You kill the hobgoblin!
Natasha, Servant of Life and Death comes into view.
Natasha claws you.
You slash Natasha!
Natasha is heavily wounded.
Natasha claws you but does no damage.
You closely miss Natasha.
Natasha is heavily wounded.
Natasha stares at you and mumbles some strange words.
You feel yourself slow down. Natasha claws you.
You slash Natasha!
You kill Natasha!
Natasha screams in fury as she dies!
Your Axes skill increases to level 3!
Your Stealth skill increases to level 1!
You have reached level 3!
Your experience leads to an increase in your attributes!
Increase (S)trength, (I)ntelligence, or (D)exterity?
You feel clever. x2
You feel yourself speed up.
Natasha, Servant of Life and Death comes into view.
She is carrying a wand of roots (11).
Natasha hisses angrily.
Natasha howls an incantation.
You feel disoriented.
You barely miss Natasha. Natasha claws you. Natasha barely misses you.
You hit Natasha but do no damage.
Natasha zaps a wand.
The roots erupt in riotous growth!
The grasping roots grab you!
Natasha is unaffected.
The grasping roots constrict you.
You hit Natasha.
Natasha is lightly wounded.
Natasha claws you. The grasping roots constrict you.
Natasha claws you but does no damage. The grasping roots constrict you.
You barely miss Natasha.
Natasha is lightly wounded.
Natasha claws you.
* * * LOW HITPOINT WARNING * * *
The grasping roots constrict you.
You die...

#.##........#.......,**,,,,,*
#..'..).....#......#,**,,,,,*
####......###......#,**,,,,,*
####+#.# #.....,*,*********
*,#.# #...,,,*,* *,,,,*
*,#.###†#+#***,****,,,,*
*,#.#...#.# *,**,,,,,,*
*,#.......#***,**,,,,,,*
*,#.....@.+,,,,**,,,,***
*,#......h#******,,,.####
#............,,,,,,,.....
###.#####.###*******##### #.*
*...,,,,* ******#.* *####**,*
*,,,,,..* *,*********
*,****##* *,*,,,,,,,, *,*
*,*,*******


You could see Natasha.

Vanquished Creatures
  Natasha (D:2)
  2 dart slugs (D:1)
  3 bats (D:1)
  2 endoplasms (D:1)
  A goblin (D:1)
  A hobgoblin (D:2)
  3 kobolds
  A quokka (D:1)
  A ball python (D:1)
  A frilled lizard (D:1)
  3 rats (D:1)
19 creatures vanquished.

Notes
Turn   | Place    | Note
-------+----------+-------------------------------------------
     0 | D:1      | Acheron the Gargoyle Gladiator began the quest for the Orb.
     0 | D:1      | Reached XP level 1. HP: 12/12 MP: 1/1
    73 | D:1      | Reached XP level 2. HP: 15/18 MP: 2/2
   435 | D:1      | Reached skill level 1 in Armour
   919 | D:2      | Noticed Natasha
   924 | D:2      | Killed Natasha
   925 | D:2      | Reached skill level 3 in Axes
   925 | D:2      | Reached skill level 1 in Stealth
   925 | D:2      | Reached XP level 3. HP: 14/22 MP: 3/3
   960 | D:2      | Noticed Natasha
   966 | D:2      | Constricted to death by Natasha

Illustrated notes

Levels and vault maps discovered:
D:1:      lemuel_arrival_hallway, layout_basic
D:2:      layout_basic, shapermc_ecumenical_altar_mp_vishouse, serial_shops,
          shop, uniq_natasha

Skill      XL: |  1  2 |
---------------+-------+-----
Throwing       | 2 |  2.1
Armour         | 1 |  1.2
Axes           | 3 |  3.0
Stealth        | 1 |  1.1
Fighting       | |  2.6
Dodging        | |  2.6
Evocations     | |  0.2

Action                   || total
-------------------------++-------
Melee: War axe           ||    71
       Punch             ||     2
  Use: Scroll            ||     5
Armor: Leather armour    ||    34
Dodge: Dodged            ||    63
